 Dungeon Crawl Stone Soup version 0.26-a0-519-gb2f46efeda (webtiles) character file.

Game seed: 1945133416427558012

64108 ReteAZ the Frost Mage (level 14, -7/113 HPs)
             Began as a Purple Draconian Ice Elementalist on Aug 10, 2020.
             Was a High Priest of Vehumet.
             Hit by a large rock thrown by a stone giant (56 damage)
             ... summoned by an orange crystal statue
             ... on level 1 of the Orcish Mines.
             The game lasted 01:18:48 (28480 turns).

ReteAZ the Frost Mage (DrIE)                       Turns: 28480, Time: 01:18:49

Health: -7/113     AC: 16    Str: 11      XL:     14   Next: 70%
Magic:  10/36      EV: 41    Int: 20 (27) God:    Vehumet [*****.]
Gold:   1473       SH:  6    Dex: 21      Spells: 8/31 levels left

rFire    . . .     SeeInvis .   q - +1 falchion (elec)
rCold    + + +     Faith    .   l - +0 buckler
rNeg     . . .     Spirit   .   (armour unavailable)
rPois    .         Reflect  .   y - +2 hat "Qaulol" {rC+ Regen+}
rElec    +         Harm     .   e - +1 cloak of Starlight {rElec rC+ EV+4 Stlth--}
rCorr    .                      Y - +0 pair of gloves {Dex+3}
MR       +++..                  J - +2 pair of boots of the Dragon {rC+ MP+9 Dex+7}
Stlth    ..........             x - amulet of the acrobat
HPRegen  0.68/turn              Q - ring of protection from magic
MPRegen  0.25/turn              E - +6 ring of intelligence

@: acrobat, frozen ramparts
A: breathe power, unfitting armour, cold-blooded, AC +8
a: Breathe Dispelling Energy, Renounce Religion


You were on level 1 of the Orcish Mines.
You worshipped Vehumet.
Vehumet was extremely pleased with you.
You visited 4 branches of the dungeon, and saw 22 of its levels.
You also visited: Gauntlet and Ice Cave.

You collected 1473 gold pieces.

Inventory:

Hand Weapons
 b - a +1 whip of flaming
 q - a +1 falchion of electrocution (weapon)
 C - a +5 falchion
 H - a +1 demon trident of flaming
Missiles
 i - 3 throwing nets
 n - 19 boomerangs
 s - 21 poisoned darts (quivered)
 Z - 15 javelins
Armour
 e - the +1 cloak of Starlight (worn) {rElec rC+ EV+4 Stlth--}
   (You found it in a Gauntlet)

   It affects your evasion (+4).
   It protects you from cold.
   It insulates you from electricity.
   It makes you much less stealthy.
 l - a +0 buckler (worn)
 y - the +2 hat "Qaulol" (worn) {rC+ Regen+}
   (You acquired it on level 11 of the Dungeon)

   It protects you from cold.
   It increases your rate of regeneration.
 J - the +2 pair of boots of the Dragon (worn) {rC+ MP+9 Dex+7}
   (You found it on level 2 of the Lair of Beasts)

   It affects your dexterity (+7).
   It protects you from cold.
   It affects your magic capacity (+9).
 Y - a +0 pair of gloves of dexterity (worn)
Jewellery
 x - an amulet of the acrobat (around neck)
 E - a +6 ring of intelligence (right hand)
 P - an uncursed ring of flight
 Q - a ring of protection from magic (left hand)
Wands
 g - a wand of disintegration (25)
 k - a wand of enslavement (5)
 m - a wand of iceblast (27)
 r - a wand of polymorph (5)
 t - a wand of flame (42)
 v - a wand of acid (3)
 G - a wand of paralysis (30)
 K - a wand of digging (6)
Scrolls
 c - 11 scrolls of remove curse
 d - 8 scrolls of teleportation
 f - 7 scrolls of fear
 z - 4 scrolls of amnesia
 F - 10 scrolls of identify
 L - 3 scrolls of blinking
 M - 7 scrolls of fog
 N - 3 scrolls of enchant armour
 R - 3 scrolls of immolation
 X - 5 scrolls of enchant weapon
Potions
 a - 3 potions of heal wounds
 h - 8 potions of curing
 j - 4 potions of magic
 o - 2 potions of resistance
 p - 4 potions of flight
 u - a potion of haste
 A - 5 potions of ambrosia
 B - 4 potions of berserk rage
 D - a potion of might
 O - a potion of mutation
 S - a potion of cancellation
 T - 5 potions of brilliance
 U - 3 potions of lignification
 V - 2 potions of stabbing
 W - a potion of invisibility
Miscellaneous
 w - a phial of floods


   Skills:
 - Level 7.0 Fighting
 - Level 11.0 Dodging
 - Level 2.0 Stealth
 - Level 4.0 Shields
 - Level 9.0 Spellcasting
 + Level 9.0 Conjurations
 - Level 2.1 Summonings
 - Level 14.3 Ice Magic
 - Level 5.0 Air Magic
 + Level 7.1 Earth Magic
 - Level 10.0 Evocations


You had 8 spell levels left.
You knew the following spells:

 Your Spells              Type           Power        Failure   Level
a - Freeze                Ice            ####         0%          1
b - Frozen Ramparts       Ice            ######       1%          3
c - Ozocubu's Armour      Ice            ######..     1%          3
d - Summon Ice Beast      Ice/Summ       #####...     2%          4
e - Freezing Cloud        Conj/Ice/Air   #####.....   7%          6
f - Iron Shot             Conj/Erth      #####.....   12%         6

Your spell library contained the following spells:

 Spells                   Type           Power        Failure   Level
 Yara's Violent Unravell  Hex/Tmut       #.........   45%         5
 Magic Dart               Conj           ####         1%          1
 Ensorcelled Hibernation  Hex/Ice        #####.       1%          2
 Conjure Flame            Conj/Fire      ####....     1%          3
 Mephitic Cloud           Conj/Pois/Air  ####....     1%          3
 Hailstorm                Conj/Ice       ######..     1%          4
 Summon Small Mammal      Summ           ###.         3%          1
 Call Imp                 Summ           ###.....     4%          2
 Ice Form                 Ice/Tmut       #####...     4%          4
 Beastly Appendage        Tmut           #.....       8%          1
 Call Canine Familiar     Summ           ###.....     10%         3
 Blink                    Tloc           N/A          12%         2
 Slow                     Hex            #.......     12%         2
 Wereblood                Tmut           #.......     12%         2
 Summon Guardian Golem    Hex/Summ       ##......     14%         3
 Summon Lightning Spire   Summ/Air       ###.....     17%         4
 Spider Form              Tmut/Pois      #.........   22%         3
 Borgnjor's Vile Clutch   Necr/Erth      ###.......   45%         5
 Silence                  Hex/Air        ###.......   58%         5
 Blade Hands              Tmut           #.........   91%         5
 Shadow Creatures         Summ           N/A          99%         6


Dungeon Overview and Level Annotations

Branches:
Dungeon (14/15)            Temple (1/1) D:4            Lair (6/6) D:8
  Swamp (0/4) Lair:2        Snake (0/4) Lair:3        Slime (0/5) Lair:6
    Orc (1/2) D:10          IceCv (visited)         Gauntlet (visited)
 Vaults: D:13-14

Altars:
Ashenzari
Cheibriados
Dithmenos
Elyvilon
Fedhas
Gozag
Hepliaklqana
Kikubaaqudgha
Makhleb
Nemelex Xobeh
Okawaru
Qazlal
Ru
Sif Muna
Trog
Uskayaw
Vehumet
Wu Jian
Xom
Yredelemnul
Zin
The Shining One
Jiyva

Shops:
D:7 *

Portals:
Hell: Lair:6

Annotations:
D:6 2 runed translucent doors
D:8 2 transporters
Lair:6 1 runed translucent door
Orc:1 1 runed translucent door, exclusion: 4 orange crystal statues


Innate Abilities, Weirdness & Mutations

You can breathe bolts of dispelling energy.
Your rich purple scales are hard. (AC +8)
You cannot fit into any form of body armour.
You are cold-blooded and may be slowed by cold attacks.


Message History

You hit the stone giant but do no damage.
The stone giant is lightly wounded.
The wall freezes the ogre.
The wall freezes the stone giant.
The stone giant hits you!
The orc priest mumbles some strange prayers to Beogh against you.
Beogh smites you!
You hit the stone giant but do no damage.
The stone giant is moderately wounded.
The wall freezes the ogre!
The wall freezes the stone giant!
The stone giant hits you!!
The wall freezes the ogre!
You kill the ogre!
The ogre's corpse dissolves into shadows!
The wall freezes the stone giant.
The stone giant completely misses you.
The wall freezes the stone giant!
The stone giant throws a large rock.
The large rock completely misses you.
The large rock dissolves into shadows!
The wall freezes the stone giant!
The stone giant throws a large rock.
The large rock completely misses you.
The large rock dissolves into shadows!
The wall freezes the stone giant!
The stone giant throws a large rock.
The large rock hits you!!!
You die...

#.....#########.>###..
#.....#8.....8#.###...
##.....#.#...#.#.......
#...#..#.oo....#.......
#####.#...C.ooo...+.......
##.####....#oo.....#.......
#...##.....#o#..o#.#.......
##...#.....#8O....8#.....#.
#....#...@#########.##....
##..................#.....
#..........).###........#
##........)...###........
###.....###....#........
##.)....###..........##
##......## ##..#.#...##.
#......### #######.####
#......#.## ### #


You could see a stone giant (summoned).

Vanquished Creatures
  Gastronok (D:11)
  Kirke (Lair:4)
  A reaper (IceCv)
  A minotaur (Gauntlet)
  5 hydras
  3 centaur warriors (D:13)
  3 two-headed ogres
  3 death yaks (D:8)
  A sun demon (Lair:6)
  A wizard (Lair:6)
  Pikel (D:5)
  An orc knight (D:13)
  A lindwurm (Lair:6)
  An ugly thing (D:13)
  A cyclops (D:10)
  8 black mambas
  Joseph (D:7)
  3 elephants (Lair:5)
  4 torpor snails (Lair:6)
  A gargoyle (D:11)
  Psyche (D:12)
  3 rime drakes (Lair:6)
  2 orange demons (Lair:6)
  5 centaur skeletons
  8 komodo dragons
  14 cane toads
  A kobold demonologist (D:13)
  5 ice devils (IceCv)
  A hellwing (Lair:6)
  2 red devils (Lair:6)
  2 polar bears
  4 trolls
  Prince Ribbit (D:7)
  2 meliai zombies (D:12)
  4 dream sheep (Lair:5)
  7 hippogriffs
  11 blink frogs (Lair:6)
  5 flying skulls (Gauntlet)
  3 shadows
  2 vampires (D:13)
  40 yaks
  A human (Lair:4)
  A wyvern (Lair:1)
  Grum (D:9)
  A hog (Lair:4)
  A basilisk (Lair:6)
  A vampire mosquito (D:12)
  4 nagas (Lair:3)
  A soldier ant (D:12)
  2 small abominations (Gauntlet)
  2 acid dragons (Gauntlet)
  4 hell hounds (Lair:6)
  5 porcupines
  12 water moccasins
  Duvessa (D:7)
  3 phantoms
  9 orc warriors
  9 ice beasts
  A black bear (D:12)
  2 necrophages
  3 sky beasts
  7 ogres
  11 centaurs
  14 crocodiles
  3 gnoll sergeants
  16 bullfrogs
  Dowan (D:7)
  9 killer bees
  5 scorpions
  A water moccasin skeleton (D:6)
  13 wights
  2 electric eels
  2 howler monkeys
  A bullfrog zombie (D:8)
  3 quasits
  2 centaur zombies
  5 jellies
  3 bullfrog skeletons
  15 hounds
  15 orc priests
  Crazy Yiuf (D:3)
  2 gnoll shamans
  Terence (D:3)
  Jessica (D:3)
  Natasha (thrice) (D:3)
  3 iguanas
  A hell rat (D:8)
  10 worker ants
  19 orc wizards
  4 hound skeletons
  Robin (D:3)
  A howler monkey skeleton (D:4)
  17 adders
  39 gnolls
  2 river rats (D:8)
  2 shadow imps
  8 white imps
  9 ufetubi
  2 worms
  5 dart slugs
  3 leopard geckos
  78 orcs
  A ball python (D:1)
  3 giant cockroaches
  2 gnoll zombies (D:9)
  9 hobgoblins
  8 jackals
  8 kobolds
  4 quokkas
  3 bats
  7 frilled lizards
  19 goblins
  2 jackal skeletons (D:4)
  5 rats
  3 fungi
643 creatures vanquished.

Vanquished Creatures (collateral kills)
  A dire elephant (Lair:6)
  2 hydras
  A thrashing horror (Gauntlet)
  An ugly thing (D:12)
  A rime drake (Lair:6)
  A red devil (Lair:6)
  A polar bear (Lair:6)
  A blink frog (Lair:6)
  A wyvern (D:11)
  2 yaks (Lair:2)
  3 vampire mosquitoes (D:12)
  An ice beast (Lair:5)
  2 crocodiles
  An electric eel (Lair:1)
19 creatures vanquished.

Vanquished Creatures (others)
  7 white imps (IceCv)
  2 ufetubi (IceCv)
  13 demonic plants (Gauntlet)
  4 fungi
  4 plants
30 creatures vanquished.

Grand Total: 692 creatures vanquished

Notes
Turn   | Place    | Note
-------+----------+-------------------------------------------
     0 | D:1      | ReteAZ the Draconian Ice Elementalist began the quest for
                  | the Orb.
     0 | D:1      | Reached XP level 1. HP: 14/14 MP: 3/3
   458 | D:1      | Reached XP level 2. HP: 13/20 MP: 5/5
  1614 | D:2      | Found a glowing golden altar of the Shining One.
  1697 | D:2      | Found a shattered altar of Ashenzari.
  2364 | D:2      | Found a shimmering blue altar of Sif Muna.
  2541 | D:3      | Noticed Natasha
  2559 | D:3      | Killed Natasha
  2559 | D:3      | Reached XP level 3. HP: 12/26 MP: 2/6
  2934 | D:3      | Noticed Natasha
  2956 | D:3      | Learned a level 3 spell: Frozen Ramparts
  3002 | D:3      | Reached XP level 4. HP: 30/33 MP: 3/8
  3003 | D:3      | Reached skill level 1 in Shields
  3014 | D:3      | Noticed Robin
  3028 | D:3      | Killed Robin
  3028 | D:3      | Reached skill level 5 in Ice Magic
  3100 | D:3      | Killed Natasha
  3259 | D:3      | Noticed Natasha
  3268 | D:3      | Killed Natasha
  3268 | D:3      | Reached XP level 5. HP: 18/38 MP: 6/9
  3454 | D:3      | Noticed Terence
  3889 | D:3      | Noticed Jessica
  3895 | D:3      | Killed Jessica
  4026 | D:3      | Found a hide-covered altar of Uskayaw.
  4190 | D:3      | Killed Terence
  4312 | D:3      | Found a runed translucent door.
  4313 | D:3      | Noticed Crazy Yiuf
  4327 | D:3      | Killed Crazy Yiuf
  4327 | D:3      | Reached XP level 6. HP: 35/45 MP: 7/11
  4497 | D:4      | Found a staircase to the Ecumenical Temple.
  4514 | Temple   | Entered the Ecumenical Temple
  4602 | Temple   | Became a worshipper of Vehumet
  4689 | D:4      | Reached skill level 6 in Ice Magic
  5424 | D:4      | Your scales start taking on a rich purple colour.
  5424 | D:4      | Reached XP level 7. HP: 50/50 MP: 14/14
  5496 | D:4      | Found a glowing golden altar of the Shining One.
  5675 | D:5      | Entered Level 5 of the Dungeon
  5798 | D:5      | Reached skill level 5 in Spellcasting
  5804 | D:5      | HP: 1/50 [gnoll/+0 halberd (3)]
  5818 | D:5      | Reached skill level 7 in Ice Magic
  5862 | D:5      | Reached * piety under Vehumet
  5862 | D:5      | Offered knowledge of Magic Dart by Vehumet.
  6489 | D:5      | Found a snail-covered altar of Cheibriados.
  6617 | D:5      | Reached skill level 8 in Ice Magic
  6621 | D:5      | Reached XP level 8. HP: 30/57 MP: 8/15
  7020 | D:5      | Noticed Pikel
  7035 | D:5      | Killed Pikel
  7035 | D:5      | Reached skill level 9 in Ice Magic
  7200 | D:6      | Reached skill level 10 in Ice Magic
  7774 | D:6      | Found a burning altar of Makhleb.
  7832 | D:6      | Reached XP level 9. HP: 62/62 MP: 13/16
  7914 | D:6      | Found a sparkling altar of Nemelex Xobeh.
  8020 | D:6      | Found a runed translucent door.
  8021 | D:6      | Found a runed translucent door.
  8049 | D:6      | Reached skill level 11 in Ice Magic
  8262 | D:6      | Found a sacrificial altar of Ru.
  8396 | D:7      | Reached ** piety under Vehumet
  8566 | D:7      | Reached skill level 1 in Fighting
  8693 | D:7      | Offered knowledge of Shock by Vehumet.
  8754 | D:7      | Found Zin's Purification Station.
  8755 | D:7      | Found a glowing silver altar of Zin.
  8994 | D:7      | Noticed Prince Ribbit
  9009 | D:7      | Killed Prince Ribbit
  9135 | D:7      | Noticed Dowan
  9139 | D:7      | Noticed Duvessa
  9142 | D:7      | Killed Duvessa
  9152 | D:7      | Killed Dowan
  9298 | D:7      | Reached skill level 5 in Fighting
  9613 | D:7      | Noticed Joseph
  9620 | D:7      | Reached skill level 5 in Dodging
  9626 | D:7      | Killed Joseph
  9626 | D:7      | Reached XP level 10. HP: 38/83 MP: 17/17
 10171 | D:7      | Offered knowledge of Ignite Poison by Vehumet.
 10410 | D:8      | Found a transporter.
 10423 | D:8      | Found a transporter.
 10433 | D:8      | Noticed a death yak
 10533 | D:8      | Learned a level 3 spell: Ozocubu's Armour
 10579 | D:8      | Reached *** piety under Vehumet
 10678 | D:8      | Offered knowledge of Inner Flame by Vehumet.
 10687 | D:8      | Found a shimmering altar of Xom.
 10923 | D:8      | Found a staircase to the Lair.
 10923 | D:8      | Noticed a death yak
 10940 | D:8      | Killed a death yak
 11308 | D:8      | Reached **** piety under Vehumet
 11435 | D:8      | Offered knowledge of Lee's Rapid Deconstruction by Vehumet.
 11679 | D:8      | Noticed a death yak
 11696 | D:8      | Killed a death yak
 11957 | D:8      | Killed a death yak
 12140 | D:9      | Noticed a two-headed ogre
 12148 | D:9      | Killed a two-headed ogre
 12148 | D:9      | Reached XP level 11. HP: 90/92 MP: 15/19
 12544 | D:9      | Found a stormy altar of Qazlal.
 12930 | D:9      | Reached ***** piety under Vehumet
 13267 | D:9      | Noticed a two-headed ogre
 13292 | D:9      | Killed a two-headed ogre
 13292 | D:9      | Reached skill level 10 in Dodging
 13406 | D:9      | Noticed Grum
 13410 | D:9      | Offered knowledge of Sticky Flame by Vehumet.
 13416 | D:9      | Killed Grum
 13508 | D:9      | Found a basalt altar of Yredelemnul.
 13557 | D:9      | Found a blossoming altar of Fedhas.
 13653 | D:10     | Entered Level 10 of the Dungeon
 15600 | D:10     | Found a staircase to the Orcish Mines.
 16132 | D:11     | Found a gate leading to a gauntlet.
 16148 | Gauntlet | Entered a Gauntlet
 16148 | Gauntlet | Found a transporter.
 16148 | Gauntlet | Found a transporter.
 16148 | Gauntlet | Found a transporter.
 16149 | Gauntlet | Found a transporter.
 16149 | Gauntlet | Noticed an oklob plant
 16151 | Gauntlet | Found a large runed translucent door.
 16152 | Gauntlet | Found a large runed translucent door.
 16153 | Gauntlet | Found a large runed translucent door.
 16153 | Gauntlet | Found a large runed translucent door.
 16153 | Gauntlet | Found a transporter.
 16153 | Gauntlet | Found a runed translucent door.
 16154 | Gauntlet | Found a large runed translucent door.
 16155 | Gauntlet | Found a transporter.
 16155 | Gauntlet | Found a large runed translucent door.
 16156 | Gauntlet | Found a large runed translucent door.
 16156 | Gauntlet | Found a large runed translucent door.
 16157 | Gauntlet | Found a runed translucent gate.
 16157 | Gauntlet | Found a runed translucent gate.
 16159 | Gauntlet | Found a transporter.
 16160 | Gauntlet | Found a runed translucent door.
 16162 | Gauntlet | Found a transporter.
 16163 | Gauntlet | Found a transporter.
 16164 | Gauntlet | Found a transporter.
 16170 | Gauntlet | Noticed a green death
 16171 | Gauntlet | Noticed a thrashing horror
 16172 | Gauntlet | Found a transporter.
 16173 | Gauntlet | Found a transporter.
 16249 | Gauntlet | Found the +1 cloak of Starlight {rElec rC+ EV+4 Stlth--}
 16253 | Gauntlet | Found a large runed translucent door.
 16254 | Gauntlet | Found a large runed translucent door.
 16255 | Gauntlet | Found a large runed translucent door.
 16255 | Gauntlet | Found a large runed translucent door.
 16255 | Gauntlet | Found a runed translucent door.
 16256 | Gauntlet | Found a large runed translucent door.
 16257 | Gauntlet | Found a large runed translucent door.
 16258 | Gauntlet | Found a large runed translucent door.
 16258 | Gauntlet | Found a large runed translucent door.
 16259 | Gauntlet | Found a runed translucent gate.
 16293 | Gauntlet | Learned a level 4 spell: Summon Ice Beast
 16653 | Gauntlet | Reached skill level 1 in Summonings
 16755 | Gauntlet | Killed a thrashing horror
 17014 | Gauntlet | Noticed a minotaur
 17036 | Gauntlet | Killed a minotaur
 17036 | Gauntlet | Reached XP level 12. HP: 45/100 MP: 11/25
 17685 | D:11     | Noticed Gastronok
 17741 | D:11     | Killed Gastronok
 17966 | D:11     | Offered knowledge of Fulminant Prism by Vehumet.
 18177 | D:11     | Identified a scroll of acquirement
 18177 | D:11     | Acquired the +2 hat "Qaulol" {rC+ Regen+}
 18453 | D:12     | Noticed a seven-headed hydra
 18461 | D:12     | Killed a seven-headed hydra
 18508 | D:12     | Noticed Psyche
 18518 | D:12     | Killed Psyche
 18738 | D:12     | Found an ornate altar of the Wu Jian Council.
 19152 | D:13     | Reached skill level 10 in Evocations
 19204 | D:13     | Noticed a centaur warrior
 19212 | D:13     | Killed a centaur warrior
 19230 | D:13     | Noticed a centaur warrior
 19232 | D:13     | Noticed a centaur warrior
 19248 | D:13     | Killed a centaur warrior
 19248 | D:13     | Reached skill level 12 in Ice Magic
 19250 | D:13     | Killed a centaur warrior
 19464 | D:13     | Noticed a two-headed ogre
 19472 | D:13     | Killed a two-headed ogre
 19472 | D:13     | Offered knowledge of Freezing Cloud by Vehumet.
 19472 | D:13     | Reached XP level 13. HP: 54/105 MP: 23/26
 19554 | D:13     | Learned a level 6 spell: Freezing Cloud
 19822 | D:13     | Reached skill level 1 in Conjurations
 20166 | Lair:1   | Entered Level 1 of the Lair of Beasts
 20205 | Lair:1   | Reached skill level 1 in Air Magic
 20532 | Lair:1   | Reached skill level 13 in Ice Magic
 21154 | Lair:2   | Got a pair of masterwork boots
 21160 | Lair:2   | Identified the +2 pair of boots of the Dragon {rC+ MP+9
                  | Dex+7} (You found it on level 2 of the Lair of Beasts)
 21509 | Lair:2   | Found a staircase to the Swamp.
 22179 | Lair:3   | Found a staircase to the Snake Pit.
 23134 | Lair:4   | Noticed Kirke
 23145 | Lair:4   | Killed Kirke
 23145 | Lair:4   | Reached skill level 14 in Ice Magic
 23932 | Lair:5   | Reached skill level 5 in Conjurations
 23996 | Lair:5   | Reached skill level 5 in Air Magic
 24014 | Lair:5   | Offered knowledge of Iron Shot by Vehumet.
 24026 | Lair:5   | Learned a level 6 spell: Iron Shot
 24080 | Lair:5   | Found a frozen archway.
 24187 | IceCv    | Entered an ice cave
 24360 | IceCv    | Reached skill level 1 in Earth Magic
 24377 | IceCv    | Reached XP level 14. HP: 30/113 MP: 27/27
 24790 | IceCv    | Noticed a reaper
 24812 | IceCv    | Killed a reaper
 25986 | Lair:6   | Entered Level 6 of the Lair of Beasts
 26129 | Lair:6   | Found a snail-covered altar of Cheibriados.
 26262 | Lair:6   | Found a runed translucent door.
 26271 | Lair:6   | Found a viscous altar of Jiyva.
 26271 | Lair:6   | Noticed an acid blob
 26272 | Lair:6   | Noticed an acid blob
 26273 | Lair:6   | Found a staircase to the Slime Pits.
 26337 | Lair:6   | Reached skill level 5 in Earth Magic
 26339 | Lair:6   | Found a sparkling altar of Nemelex Xobeh.
 27640 | Lair:6   | Offered knowledge of Yara's Violent Unravelling by Vehumet.
 27806 | Lair:6   | Found a burning altar of Makhleb.
 27897 | Lair:6   | Found a gateway to Hell.
 28173 | Orc:1    | Entered Level 1 of the Orcish Mines
 28202 | Orc:1    | Found the +10 tower shield of Ignorance {rN+ Int-4}
 28255 | Orc:1    | Found a runed translucent door.
 28414 | Orc:1    | Found a runed translucent door.
 28467 | Orc:1    | Noticed a stone giant
 28480 | Orc:1    | Hit by a large rock thrown by a stone giant

Illustrated notes

Levels and vault maps discovered:
D:1:      dpeg_arrival_three_same_balls, layout_loops_ring
D:2:      layout_loops_corners, ashenzari_conservatory_becter, led_sif_pool,
          lemuel_doored_altar, serial_bayou_lake_a
D:3:      corexii_shack_village, layout_basic, eat_drink_and_be_merry_uskayaw,
          uniq_terence, uniq_natasha, uniq_robin, uniq_jessica,
          uniq_crazy_yiuf_cottage
D:4:      layout_loops_corners, minmay_temple_entry_slanted,
          nicolae_tso_swordbearing_angel
D:5:      layout_cave_pools, kennysheep_slug_shrine, uniq_pikel
D:6:      lemuel_insect_pit, layout_basic, kennysheep_little_box,
          nicolae_ru_path_of_blood, basic_altar
D:7:      layout_gridville, zin_purify, uniq_duvessa, uniq_prince_ribbit1,
          uniq_joseph
D:8:      gammafunk_steamed_eel, layout_loops_cross, tgw_xom,
          dpeg_lair_monsters, special_room [special_room_orc],
          minmay_alternating_orb
D:9:      layout_big_octagon, lemuel_zombie_altar_yredelemnul, kennysheep_mini,
          kennysheep_mini_moat, serial_gnoll_camp, grums_kennel,
          gnoll_camp_mini_doghouse, gnoll_camp_mini_basic, gnoll_camp_mini_basic
D:10:     layout_roguey, erik_orc_2
D:11:     layout_roguey, gauntlet_entry_generic, uniq_gastronok
D:12:     layout_roguey, basic_altar, kennysheep_generic_room_9, uniq_psyche
D:13:     layout_cave_pools
D:14:     layout_basic, david_vaults_2, serial_bayou_pond_e,
          hangedman_decor_growths, minmay_diamond_spiral
Temple:   cyrus_temple_forest
Lair:1:   layout_long_grid, st_stairs_10, serial_bayou_shore_a
Lair:2:   layout_chaotic_city, swamp_mist, grunt_megastairs_1,
          infiniplex_staircase_pool
Lair:3:   layout_chaotic_city, minmay_snake_entry_guardpost_small
Lair:4:   layout_roguey, uniq_kirke
Lair:5:   layout_cave_pods, portal_ice_cave_entry_ice_beasts,
          chequers_serial_rivers_small_a, grunt_megastairs_2
Lair:6:   evil_forest, layout_cave_pods, slime_altar_2, basic_altar,
          kennysheep_snail_temple
Orc:1:    layout_caves, basic_altar, chequers_guarded_unrand_ignorance

Skill      XL: |  1  2  3  4  5  6  7  8  9 10 11 12 13 14 |
---------------+-------------------------------------------+-----
Stealth        | 2 |  2.0
Dodging        | 2 5 9 11 | 11.0
Shields        | 1 2 3 4 |  4.0
Ice Magic      | 5 6 8 10 11 12 14 | 14.3
Spellcasting   | 3 4 5 9 |  9.0
Fighting       | 6 7 |  7.0
Summonings     | 2 |  2.1
Evocations     | 3 10 | 10.0
Conjurations   | 5 9 |  9.0
Air Magic      | 5 |  5.0
Earth Magic    | 1 7 |  7.1

Action                   |  1- 3 |  4- 6 |  7- 9 | 10-12 | 13-15 || total
-------------------------+-------+-------+-------+-------+-------++-------
Melee: Whip              |    65 |    12 |    35 |    66 |   380 ||   558
       Tailslap          |     8 |    18 |    20 |    87 |   204 ||   337
       Unarmed           |     2 |       |       |       |       ||     2
       Falchion          |       |   124 |   185 |   589 |   551 ||  1449
       Spear             |       |       |       |     5 |       ||     5
Throw: Dart              |    17 |    13 |    37 |    25 |     3 ||    95
       Throwing net      |       |       |       |     2 |       ||     2
       Boomerang         |       |       |       |     1 |       ||     1
 Cast: Freeze            |    15 |     5 |       |     8 |     8 ||    36
       Frozen Ramparts   |     1 |     6 |    25 |    74 |    58 ||   164
       Ozocubu's Armour  |       |       |       |    19 |     3 ||    22
       Summon Ice Beast  |       |       |       |    12 |    30 ||    42
       Freezing Cloud    |       |       |       |       |    13 ||    13
Evoke: Wand              |       |       |     4 |     2 |     2 ||     8
  Use: Potion            |       |       |     5 |     6 |     2 ||    13
       Scroll            |       |       |     1 |    21 |    15 ||    37
 Stab: Sleeping          |     3 |     4 |     4 |     4 |       ||    15
       Distracted        |       |       |       |       |     6 ||     6
Armor: Skin              |    19 |    39 |    83 |   218 |   241 ||   600
Dodge: Dodged            |    45 |    76 |   148 |   736 |  1412 ||  2417
Block: Buckler           |     5 |    26 |    64 |   187 |   373 ||   655
       Rpst.: Falchion   |       |    18 |    32 |   178 |   182 ||   410

Table legend: (Time is in decaauts)
 A = Elapsed time spent in this place.
 B = Non-inter-level travel time spent in this place.
 C = Inter-level travel time spent in this place.
 D = Time resting spent in this place.
 E = Time spent auto-exploring this place.
 F = Levels seen in this place.
 G = Mean time per level.
                   A        B        C        D        E       F      G
               +--------+--------+--------+--------+--------+-----+--------+
         Total |  29055 |  27480 |   1575 |   5916 |  14192 |  24 | 1210.6 |
       Dungeon |  19404 |  18324 |   1080 |   4398 |   9351 |  14 | 1386.0 |
        Temple |    118 |     89 |     29 |      0 |     52 |   1 |  118.0 |
          Lair |   7294 |   6830 |    464 |    669 |   4484 |   6 | 1215.7 |
  Orcish Mines |    310 |    310 |      0 |     33 |    196 |   1 |  310.0 |
      Ice Cave |    844 |    844 |      0 |    236 |      8 |   1 |  844.0 |
      Gauntlet |   1083 |   1083 |      0 |    580 |    100 |   1 | 1083.0 |
               +--------+--------+--------+--------+--------+-----+--------+

Top non-repeatable levels by time:
    D:10: 2552 daAuts
     D:7: 2410 daAuts
     D:3: 1965 daAuts
  Lair:6: 1828 daAuts
     D:8: 1682 daAuts
  Lair:5: 1596 daAuts
     D:4: 1589 daAuts
     D:9: 1430 daAuts
     D:2: 1287 daAuts
     D:1: 1252 daAuts
     D:5: 1215 daAuts
Gauntlet: 1083 daAuts
    D:11: 1064 daAuts
     D:6: 1042 daAuts
  Lair:1: 1025 daAuts
